 Dungeon Crawl Stone Soup version 0.22-a0-284-g99d1f74 (webtiles) character file.

118 4thArraOfDagon the Slasher (level 5, -5/38 HPs)
             Began as a Formicid Warper on Mar 20, 2018.
             Slain by a black bear (7 damage)
             ... on level 9 of the Dungeon.
             The game lasted 00:04:02 (893 turns).

4thArraOfDagon the Slasher (Formicid Warper)         Turns: 893, Time: 00:04:03

Health: -5/38      AC:  5    Str: 16    XL:     5   Next: 23%
Magic:  8/8        EV: 11    Int: 13    God:
Gold:   97         SH:  0    Dex: 10    Spells: 8/8 levels left

rFire    . . .     SeeInvis +   a - +0 falchion
rCold    . . .     Gourm    .   (no shield)
rNeg     . . .     Faith    .   c - +0 ring mail
rPois    .         Spirit   .   (helmet unavailable)
rElec    .         Reflect  .   (no cloak)
rCorr    .         Harm     .   (no gloves)
MR       .....                  (no boots)
Stlth    ..........             (no amulet)
HPRegen  0.12/turn              (no ring)
MPRegen  0.11/turn              (no ring)

@: no status effects
A: permanent stasis, dig shafts and tunnels, four strong arms, antennae 3
a: Dig, Shaft Self


You were on level 9 of the Dungeon.
You were not hungry.

You visited 1 branch of the dungeon, and saw 8 of its levels.

You collected 97 gold pieces.

Inventory:

Hand Weapons
 a - a +0 falchion (weapon)
Missiles
 e - 5 tomahawks of dispersal (quivered)
Armour
 c - a +0 ring mail (worn)
Wands
 n - a wand of scattershot (4)
Scrolls
 b - a scroll of enchant armour {unknown}
 d - a scroll of blinking
 g - 2 scrolls of identify {unknown}
 h - a scroll of magic mapping {unknown}
 i - a scroll of teleportation {unknown}
 j - a scroll of remove curse {unknown}
 k - a scroll of fear {unknown}
 l - a scroll of enchant weapon {unknown}
 m - a scroll of immolation {unknown}
 q - a scroll of fog {unknown}
Potions
 o - a potion of haste {unknown}
 p - a potion of curing {unknown}
 r - a potion of magic {unknown}
Comestibles
 f - 4 rations


   Skills:
 - Level 2.1 Fighting
 * Level 4.6 Long Blades
 - Level 1.0 Throwing
 - Level 1.1 Armour
 - Level 1.7 Dodging
 - Level 2.1 Spellcasting
   Level 2.6 Translocations
 + Level 1.8 Evocations


You had 8 spell levels left.
You didn't know any spells.

Dungeon Overview and Level Annotations

Branches:
Dungeon (7/15)
 Temple: D:4-7

Altars:

Annotations:
D:2 Terence
D:6 galech's ghost, novice HOFi
D:7 Dowan, Duvessa


Innate Abilities, Weirdness & Mutations

You cannot be hasted, slowed, berserked, paralysed or teleported.
You can dig through walls and to a lower floor.
Your four strong arms can wield two-handed weapons with a shield.
You have a pair of large antennae on your head. (SInv)


Message History

Okay, then.
Are you sure you want to shaft yourself?
You feel quite a bit more hungry. The worker ant bites you!
* * * LOW HITPOINT WARNING * * *
You begin to dig a shaft.
You continue digging a shaft.
The worker ant bites you but does no damage.
A shaft appears beneath you!
You fall through a shaft for 3 floors!
The shaft crumbles and collapses.
A black bear and a scorpion come into view.
Unknown command.
Are you sure you want to shaft yourself?
You feel somewhat more hungry. The black bear bites you.
* * * LOW HITPOINT WARNING * * *
The black bear claws you but does no damage.
The black bear closely misses you.
You begin to dig a shaft.
You continue digging a shaft.
The scorpion stings you but does no damage.
The black bear bites you!
You die...

{{ {
####+###
#..s...#
#..h@..#
+......+
#......#
#......#
#......#
####+###


You could see a black bear and a scorpion.

Vanquished Creatures
  An ogre (D:7)
  An adder (D:4)
  4 orcs
  2 bats (D:1)
  A giant cockroach (D:3)
  3 hobgoblins (D:1)
  3 kobolds
  3 frilled lizards (D:1)
  2 goblins (D:1)
  A quokka skeleton (D:4)
  A rat (D:1)
22 creatures vanquished.

Notes
Turn   | Place    | Note
-------+----------+-------------------------------------------
     0 | D:1      | 4thArraOfDagon the Formicid Warper began the quest for the Orb.
     0 | D:1      | Reached XP level 1. HP: 16/16 MP: 3/3
    90 | D:1      | Reached XP level 2. HP: 22/22 MP: 5/5
   187 | D:1      | Reached skill level 3 in Long Blades
   220 | D:2      | Noticed Terence
   249 | D:2      | You fall through a shaft for 2 floors!
   277 | D:4      | Reached XP level 3. HP: 18/27 MP: 6/6
   535 | D:5      | Entered Level 5 of the Dungeon
   600 | D:4      | Noticed a phantom
   620 | D:4      | You fall through a shaft for 3 floors!
   760 | D:7      | Noticed an ogre
   763 | D:7      | Killed an ogre
   763 | D:7      | Reached skill level 4 in Long Blades
   763 | D:7      | Reached skill level 1 in Evocations
   763 | D:7      | Reached XP level 4. HP: 23/33 MP: 7/7
   763 | D:7      | Reached XP level 5. HP: 27/38 MP: 8/8
   807 | D:6      | Noticed a phantom
   818 | D:7      | Noticed Dowan
   819 | D:7      | Noticed Duvessa
   877 | D:6      | Noticed galech's ghost (novice HOFi)
   891 | D:6      | You fall through a shaft for 3 floors!
   891 | D:9      | Noticed a black bear
   892 | D:9      | HP: 1/38 [black bear (2)]
   893 | D:9      | Slain by a black bear

Vault maps used:
D:1:      dpeg_arrival_water_fire
D:2:      minmay_split_cup_large, uniq_terence
D:4:      first_ration
D:5:      chequers_temple_overflow_statue_of_worship, serial_shops,
          nicolae_shop_trees, serial_bayou_lagoon_b
D:6:      wad_woods_settlement, xom_teletrap_fun, uniq_crazy_yiuf_cottage
D:7:      okawaru_gym_becter, kennysheep_generic_room_14, uniq_duvessa
D:9:      kennysheep_orc_monster_closet_entryway

Skill      XL: |  1  2  3 |
---------------+----------+-----
Long Blades    | 3 4 |  4.6
Evocations     | 1 |  1.8
Fighting       | |  2.1
Throwing       | |  1.0
Armour         | |  1.1
Dodging        | |  1.7
Spellcasting   | |  2.1
Translocations | |  2.6

Action                   |  1- 3 |  4- 6 || total
-------------------------+-------+-------++-------
Melee: Falchion          |    78 |     2 ||    80
 Abil: Dig               |     5 |       ||     5
       Shaft Self        |     2 |     2 ||     4
Evoke: Wand              |     1 |     1 ||     2
  Use: Potion            |     2 |       ||     2
  Eat: Ration            |     1 |       ||     1
Armor: Ring mail         |    31 |     4 ||    35
Dodge: Dodged            |    56 |     2 ||    58
       Rpst.: Falchion   |    15 |       ||    15

Table legend:
 A = Spawn XP
 B = Non-spawn XP
 C = Spawn XP percentage of total XP
 D = Spawn monster count
 E = Non-spawn monster count
 F = Spawn count percentage of total count
 G = Total turns spent on level
                    A         B        C        D         E        F      G
               +---------+---------+-------+---------+---------+-------+---------
         Total |       0 |     169 |   0.0 |       0 |      22 |   0.0 |   893
               +---------+---------+-------+---------+---------+-------+---------
           D:1 |       0 |      19 |   0.0 |       0 |      13 |   0.0 |   209
           D:3 |       0 |       3 |   0.0 |       0 |       2 |   0.0 |    75
           D:4 |       0 |      23 |   0.0 |       0 |       5 |   0.0 |   268
           D:7 |       0 |     124 |   0.0 |       0 |       2 |   0.0 |   255
               +---------+---------+-------+---------+---------+-------+---------
